 Dungeon Crawl Stone Soup version 0.25.1-2-g60ff931df9 (webtiles) character file.

Game seed: 6853793379904308169

409 sankara the Chopper (level 6, -5/85 HPs)
             Began as a Deep Dwarf Fighter on Sept 2, 2020.
             Slain by an ogre
             ... wielding a +0 giant club
              (8 damage)
             ... on level 5 of the Dungeon.
             The game lasted 00:12:05 (2572 turns).

sankara the Chopper (Deep Dwarf Fighter)            Turns: 2572, Time: 00:12:05

Health: -5/85      AC: 23    Str: 20      XL:     6   Next: 58%
Magic:  6/6        EV:  2    Int:  8 (9)  God:
Gold:   245        SH: 10    Dex: 13      Spells: 5/5 levels left

rFire    . . .     SeeInvis .   a - +1 war axe
rCold    . . .     Gourm    .   c - +0 kite shield
rNeg     + + +     Faith    .   (armour currently unavailable)
rPois    +         Spirit   .   (helmet currently unavailable)
rElec    .         Reflect  .   (cloak currently unavailable)
rCorr    .         Harm     .   (gloves currently unavailable)
MR       .....     NoTele   +   (boots currently unavailable)
Stlth    +.........             (no amulet)
HPRegen  0.00/turn              x - ring of poison resistance
MPRegen  0.10/turn              (no ring)

@: tree-form, non-regenerating
A: damage resistance, heal wounds, sense surroundings 1, no regeneration
a: Heal Wounds


You were on level 5 of the Dungeon.
You were not hungry.
You were a tree.
You visited 1 branch of the dungeon, and saw 5 of its levels.

You collected 245 gold pieces.

Inventory:

Hand Weapons
 a - a +1 war axe (weapon)
 r - a +2 whip of venom
Missiles
 e - 131 stones
 j - 8 boomerangs (quivered)
 k - 61 arrows
 p - 44 sling bullets
Armour
 c - a +0 kite shield (worn)
 w - a +0 chain mail (melded)
Jewellery
 x - a ring of poison resistance (left branch)
Wands
 q - a wand of polymorph (10)
Scrolls
 b - 2 scrolls of teleportation {unknown}
 h - 2 scrolls of enchant weapon
 l - 2 scrolls of identify
 m - a scroll of magic mapping
 o - 2 scrolls of enchant armour {unknown}
 y - a scroll of noise {unknown}
Potions
 d - a potion of ambrosia
 i - a potion of cancellation
 n - a potion of curing
 s - 2 potions of heal wounds
 t - a potion of brilliance
 v - a potion of might
 z - 2 potions of haste {unknown}
Comestibles
 f - 10 rations
 g - a chunk of flesh


   Skills:
 + Level 3.7 Fighting
 * Level 4.8 Axes
 + Level 4.4 Armour
 + Level 2.4 Dodging
 + Level 4.5 Shields


You had 5 spell levels left.
You didn't know any spells.
Your spell library was empty.

Dungeon Overview and Level Annotations

Branches:
Dungeon (5/15)
 Temple: D:4-7

Altars:
Fedhas
Beogh

Annotations:
D:3 3 runed translucent doors, Magicfruit108's ghost, amateur HuFi


Innate Abilities, Weirdness & Mutations

You are resistant to damage.
You can heal yourself by infusing magical energy.
You passively map a small area around you.
You do not regenerate.


Message History

The ogre hits you with a +0 giant club!
You hit the ogre.
The ogre is lightly wounded.
The ogre hits you with a +0 giant club!
* * * LOW HITPOINT WARNING * * *
You hit the ogre.
The ogre is lightly wounded.
The ogre hits you with a +0 giant club.
* * * LOW HITPOINT WARNING * * *
You closely miss the ogre.
The ogre is lightly wounded.
The ogre hits you with a +0 giant club!
* * * LOW HITPOINT WARNING * * *
You hit the ogre.
The ogre is moderately wounded.
You block the ogre's attack.
You hit the ogre.
The ogre is moderately wounded.
The ogre hits you with a +0 giant club!
You die...

#...$..# *
#......# *
, *
#......#* *
+.!....+ ,
*#......# ,
#......##
#.......+ ,
, ,
#######+#O#
#.......#♣#
* ,
+.........#
*
#.......###
* *
#.......# ,
, , ,
#.......# *
* #.......#
* , , ,
#.......# ,
, ** *
#.......#
...####.# *
,


You could see an ogre.

Vanquished Creatures
  An ogre (D:4)
  A bullfrog (D:3)
  2 hounds (D:4)
  A worker ant (D:4)
  A hound skeleton (D:4)
  A gnoll (D:3)
  6 adders
  2 oozes
  A worm (D:2)
  2 dart slugs
  3 leopard geckos
  5 orcs
  3 giant cockroaches
  8 goblins
  5 hobgoblins
  9 jackals
  2 quokkas
  5 ball pythons
  A ball python skeleton (D:4)
  12 bats
  2 frilled lizards
  A jackal skeleton (D:4)
  4 kobolds
  2 leopard gecko skeletons
  7 rats
87 creatures vanquished.

Notes
Turn   | Place    | Note
-------+----------+-------------------------------------------
     0 | D:1      | sankara the Deep Dwarf Fighter began the quest for the Orb.
     0 | D:1      | Reached XP level 1. HP: 20/20 MP: 1/1
   183 | D:1      | Reached XP level 2. HP: 21/27 MP: 2/2
   489 | D:1      | Reached XP level 3. HP: 25/33 MP: 3/3
   904 | D:2      | Found a blossoming altar of Fedhas.
  1164 | D:2      | Reached XP level 4. HP: 22/42 MP: 4/4
  1561 | D:3      | Noticed a bullfrog
  1574 | D:3      | Killed a bullfrog
  1574 | D:3      | Reached skill level 1 in Dodging
  1574 | D:3      | Reached XP level 5. HP: 9/49 MP: 5/5
  1875 | D:3      | Found a faded altar of an unknown god.
  1924 | D:3      | Found a runed translucent gate.
  1925 | D:3      | Found a runed translucent gate.
  1926 | D:3      | Found a runed translucent gate.
  1926 | D:3      | Noticed Magicfruit108's ghost (amateur HuFi)
  1928 | D:3      | Found a roughly hewn altar of Beogh.
  1930 | D:3      | Identified the +6 hand axe of Greed {flame, *Rage rC+ Int+5
                  | Dex+3}
  1930 | D:3      | Identified the +1 leather armour "Akuwekh" {MR+ SInv}
  2062 | D:4      | Noticed an ogre
  2072 | D:4      | Killed an ogre
  2072 | D:4      | Reached XP level 6. HP: 40/56 MP: 6/6
  2503 | D:5      | Entered Level 5 of the Dungeon
  2570 | D:5      | HP: 3/85 [ogre/+0 giant club (5)]
  2572 | D:5      | Slain by an ogre

Illustrated notes

Levels and vault maps discovered:
D:1:      dpeg_arrival_another_circle, layout_loops_ring, item_on_display_a
D:2:      minmay_inner_zag, layout_basic, fedhas_altar_2
D:3:      layout_basic, chequers_ecumenical_altar_simple_redux,
          biasface_ghost_orc_armoury, minmay_fractal_squares_5
D:4:      layout_rooms
D:5:      layout_basic, first_ration, solitary_fountain, ashenzari_altar_1,
          uniq_menkaure

Skill      XL: |  1  2  3  4  5 |
---------------+----------------+-----
Axes           | 3 4 |  4.8
Fighting       | 3 |  3.7
Armour         | 4 |  4.4
Dodging        | 1 2 |  2.4
Shields        | 4 |  4.5

Action                   |  1- 3 |  4- 6 || total
-------------------------+-------+-------++-------
Melee: War axe           |   142 |   164 ||   306
       Whip              |       |     3 ||     3
Throw: Boomerang         |       |    15 ||    15
 Abil: Heal Wounds       |       |     1 ||     1
  Use: Potion            |       |     4 ||     4
       Scroll            |       |    11 ||    11
  Eat: Chunk             |     1 |     5 ||     6
Armor: Scale mail        |    73 |    49 ||   122
       Skin              |       |     6 ||     6
       Chain mail        |       |    45 ||    45
Dodge: Dodged            |    62 |    60 ||   122
Block: Kite shield       |   101 |   112 ||   213
